 Dungeon Crawl Stone Soup version 0.19.0-9-gfd783f2 (webtiles) character file.

105555 Leibowitz the Unseen (level 16, -1/99 HPs)
             Began as a Kobold Gladiator on Nov 7, 2016.
             Was the Champion of Okawaru.
             Slain by a cyan ugly thing (16 damage)
             ... on level 15 of the Dungeon.
             The game lasted 02:26:18 (39941 turns).

Leibowitz the Unseen (Kobold Gladiator)            Turns: 39941, Time: 02:26:18

Health: -1/99      AC: 13    Str: 19    XL:     16   Next: 96%
Magic:  0/20       EV: 32    Int:  6    God:    Okawaru [******]
Gold:   1875       SH: 13    Dex: 25    Spells: 0 memorised, 15 levels left

rFire  + . .     SeeInvis .     T - +8 rapier of the Spectre {pain, rPois MR++ Int+4}
rCold  + + .     Gourm    .     L - +1 robe of Otinog {rPois rC++ Str+2 Int-5}
rNeg   . . .     Faith    .     e - +3 buckler {AC+3}
rPois  +         Spirit   +     c - +0 helmet
rElec  .         Reflect  .     d - +2 cloak {MR+}
rCorr  .         Harm     .     C - +0 pair of gloves {Dex+3}
MR     +++++                    H - +0 pair of boots
Stlth  +++++++++.               y - amulet of guardian spirit
                                F - +4 ring of strength
                                D - ring of stealth

@: no status effects
A: carnivore 3, dopey 1, fire resistance 1, magic resistance 1
a: Heroism, Finesse, Renounce Religion


You were on level 15 of the Dungeon.
You worshipped Okawaru.
Okawaru was exalted by your worship.
You were not hungry.

You visited 6 branches of the dungeon, and saw 26 of its levels.
You also visited: Ossuary and Volcano.

You collected 2752 gold pieces.
You spent 877 gold pieces at shops.

Inventory:

Hand Weapons
 a - the +1 quick blade "Spider's Undoing" {pierce, rF+}
   (Okawaru gifted it to you on level 13 of the Dungeon)

   It inflicts extra damage upon your enemies.
   It protects you from fire.
 b - a +2 dagger of venom
 B - the +0 scimitar of the Inferno {slice, rF+ Int+2 Stlth+}
   (You bought it in a shop on level 2 of the Orcish Mines)

   It inflicts extra damage upon your enemies.
   It affects your intelligence (+2).
   It protects you from fire.
   It makes you more stealthy.
 O - the +5 dagger "Dotonuo" {vamp, *Slow +Rage rElec Str+5}
   (You bought it in a shop on level 2 of the Orcish Mines)

   It inflicts no extra harm, but heals its wielder when it wounds a living foe.
   It affects your strength (+5).
   It insulates you from electricity.
   It lets you go berserk.
   It may slow you when you take damage.
 R - a +1 scimitar of flaming
 T - the +8 rapier of the Spectre (weapon) {pain, rPois MR++ Int+4}
   (You bought it in a shop on level 15 of the Dungeon)

   In the hands of one skilled in necromantic magic, it inflicts extra damage on
   living creatures.
   It affects your intelligence (+4).
   It protects you from poison.
   It affects your resistance to hostile enchantments.
 Z - a +1 short sword of freezing
Missiles
 S - a throwing net (quivered)
Armour
 c - a +0 helmet (worn)
 d - a +2 cloak of magic resistance (worn)
 e - a +3 buckler of protection (worn)
 C - a +0 pair of gloves of dexterity (worn)
 H - a +0 pair of boots (worn)
 L - the +1 robe of Otinog (worn) {rPois rC++ Str+2 Int-5}
   (You found it on level 7 of the Dungeon)

   It affects your strength (+2).
   It affects your intelligence (-5).
   It greatly protects you from cold.
   It protects you from poison.
Jewellery
 t - an uncursed ring of ice
 y - an amulet of guardian spirit (around neck)
 D - a ring of stealth (left hand)
 F - a +4 ring of strength (right hand)
Wands
 l - a wand of confusion (13/48)
 r - a wand of heal wounds (2/9)
 A - a wand of disintegration (15/24)
 I - a wand of digging (9/24)
 V - a wand of iceblast (10/15)
 W - a wand of iceblast (3/15)
 Y - a wand of confusion (6/48)
Scrolls
 i - 4 scrolls of teleportation
 j - 12 scrolls of identify
 k - 2 scrolls of amnesia
 m - 4 scrolls of enchant weapon
 n - 11 scrolls of remove curse
 o - 2 scrolls of recharging
 q - 3 scrolls of magic mapping
 u - 3 scrolls of fear
 v - a scroll of vulnerability {unknown}
 w - a scroll of blinking
 J - 2 scrolls of immolation
 K - 6 scrolls of enchant armour
 Q - a scroll of noise {unknown}
Potions
 g - a potion of might
 p - a potion of cure mutation
 s - 5 potions of curing
 x - 4 potions of haste
 z - 3 potions of cancellation
 G - a potion of invisibility
 N - 2 potions of lignification
 P - 5 potions of brilliance
 U - a potion of flight
 X - a potion of resistance
Comestibles
 f - 15 meat rations
 h - 13 slices of pizza
 E - 3 royal jellies
 M - a beef jerky


   Skills:
 + Level 10.7 Fighting
 + Level 13.2(13.4) Short Blades
 + Level 1.7(5.8) Long Blades
 + Level 3.2 Throwing
 + Level 4.1 Armour
 * Level 15.3 Dodging
 * Level 19.2 Stealth
 + Level 12.5 Shields
 + Level 6.0 Evocations


You had 15 spell levels left.
You didn't know any spells.

Dungeon Overview and Level Annotations

Branches:
Dungeon (15/15)            Temple (1/1) D:5            Lair (6/6) D:11
  Swamp (0/4) Lair:2        Snake (1/4) Lair:3        Slime (0/5) Lair:5
    Orc (2/2) D:10            Elf (1/3) Orc:2        Vaults (0/5) D:13
 Depths (0/5) D:15

Altars:
Cheibriados
Dithmenos
Elyvilon
Fedhas
Hepliaklqana
Makhleb
Okawaru
Qazlal
Uskayaw
Vehumet
Xom
Zin
Jiyva

Shops:
D:7 %   D:11 %   D:13 [   D:14 (}[[   D:15 :!(   Orc:1 (   Orc:2 !!}(

Portals:
Pandemonium: Orc:2

Annotations:
D:3 GordonOverkill's ghost, novice HOFi
D:4 Drunkenshrew's ghost, amateur HEMo
D:15 exclusions: Roxanne and 2 statues, Roxanne


Innate Abilities, Weirdness & Mutations

You are small and have problems with some larger weapons.
You are carnivorous and can eat meat at any time.
You are dopey. (Int -2)
Your flesh is heat resistant. (rF+)
You are resistant to hostile enchantments. (MR+)


Message History

The cyan ugly thing is lightly wounded.
You hit the cyan ugly thing but do no damage.
The cyan ugly thing is lightly wounded.
You block the cyan ugly thing's attack.
You barely miss the cyan ugly thing.
The cyan ugly thing is lightly wounded.
The cyan ugly thing misses you.
You hit the cyan ugly thing.
The cyan ugly thing is lightly wounded.
You puncture the cyan ugly thing!
The cyan ugly thing is moderately wounded.
You block the cyan ugly thing's attack.
You puncture the cyan ugly thing!
The cyan ugly thing is heavily wounded.
You hit the cyan ugly thing but do no damage.
The cyan ugly thing is heavily wounded.
The cyan ugly thing kicks you!
* * * LOW HITPOINT WARNING * * *
The cyan ugly thing shocks you!
You die...

#..≈≈≈≈≈§≈§§..#
##..≈≈≈..§≈§≈§.# #.
#...#§≈.>.≈§#... #.
#...§≈§...≈≈≈...
#.#####...§§§§§§§≈§.
#..........#≈.§§§#c
#....##....§§≈.≈§..
#....#u#...§..≈.§.$
#.#.#@###...u...u..
# #..## ##......#
##.#.#.###.#.#.#...
#.....#.#.##.#.###
#.#$#....###.#.#
#...†.###C.....#
####.## #.##.### #.
#.##.# #. #.##.#


You could see a cyan ugly thing.

Vanquished Creatures
  Agnes (D:14)
  2 orc warlords
  3 dire elephants (Lair:6)
  Nessos (Orc:2)
  Snorg (Lair:5)
  A fire dragon (D:14)
  Harold (Lair:2)
  A naga warrior (Lair:3)
  5 hydras
  A centaur warrior (D:13)
  2 anacondas
  A dancing weapon (Volcano)
  A death knight (D:14)
  A catoblepas (Lair:3)
  Erica (D:9)
  6 orc high priests (Orc:2)
  Urug (D:14)
  Nergalle (Lair:1)
  A fire crab (Lair:6)
  A skeletal warrior (D:13)
  6 wizards
  An infernal demonspawn (Orc:2)
  2 unseen horrors
  5 hill giants
  A swamp dragon (Lair:2)
  A lindwurm (Lair:6)
  A torturous demonspawn (Orc:2)
  A deep elf archer (D:13)
  7 orc knights
  A phantasmal warrior (D:14)
  6 ugly things
  4 manticores
  4 deep elf magi
  A mana viper (Snake:1)
  A cyclops (D:12)
  9 orc sorcerers (Orc:2)
  Joseph (Lair:1)
  5 toenail golems (Volcano)
  7 black mambas
  13 elephants
  12 spiny frogs
  2 gargoyles
  3 kobold demonologists (D:13)
  3 efreet
  2 rime drakes
  5 yaktaurs (D:13)
  A freezing wraith (D:14)
  4 komodo dragons
  2 red devils (Orc:2)
  5 trolls
  2 hellwings (Orc:2)
  2 polar bears
  A two-headed ogre (D:11)
  Grinder (D:3)
  5 dream sheep (Lair:6)
  4 slime creatures
  20 blink frogs
  17 hippogriffs
  2 spriggans (Lair:2)
  3 wraiths
  A vampire (D:13)
  A shadow (D:15)
  16 yaks
  3 basilisks
  2 hungry ghosts
  8 vampire mosquitoes
  2 wargs (Orc:2)
  2 nagas
  A soldier ant (D:13)
  10 water moccasins
  8 porcupines
  51 orc warriors
  7 sky beasts
  2 eyes of draining
  2 black bears
  7 ice beasts
  7 necrophages
  3 phantoms
  18 ogres
  8 centaurs
  25 wolves
  5 big kobolds
  11 crocodiles
  22 bullfrogs
  A wyvern zombie (D:13)
  2 scorpions
  15 killer bees
  2 electric eels (Lair:4)
  12 wights
  3 howler monkeys
  6 crimson imps
  4 bullfrog zombies
  A quasit (D:9)
  36 orc priests
  4 centaur zombies
  5 hounds
  6 jellies
  5 centaur skeletons
  5 hell rats
  Ijyb (D:2)
  Natasha (thrice) (D:2)
  8 iguanas
  31 orc wizards
  10 worker ants
  11 mummies (Ossuary)
  A hound skeleton (D:7)
  A worker ant zombie (D:5)
  3 howler monkey zombies
  10 gnolls
  A howler monkey skeleton (D:10)
  18 adders
  A river rat (D:11)
  3 shadow imps
  An ooze (D:2)
  An adder zombie (D:5)
  2 adder skeletons
  A worm (D:2)
  2 dart slugs (D:2)
  5 leopard geckos
  119 orcs
  2 bats (D:1)
  5 giant cockroaches
  6 goblins
  3 hobgoblins
  13 jackals
  5 quokkas
  3 ball pythons
  A ball python skeleton (D:5)
  4 frilled lizards
  4 gnoll skeletons (Ossuary)
  2 goblin skeletons (Ossuary)
  2 jackal zombies
  11 kobolds
  2 leopard gecko zombies
  2 orc skeletons (Ossuary)
  A quokka zombie (D:6)
  9 rats
  11 rat skeletons (Ossuary)
  5 plants (Lair:6)
859 creatures vanquished.

Vanquished Creatures (collateral kills)
  A worker ant zombie (D:5)
1 creature vanquished.

Vanquished Creatures (others)
  A fire giant (D:15)
  The ghost of loom the Conjurer, an amateur DECj of Sif Muna (Ossuary)
  2 orc warriors (Orc:2)
  An adder skeleton (D:4)
  A quokka (D:4)
  10 fungi
  20 plants
36 creatures vanquished.

Grand Total: 896 creatures vanquished

Notes
Turn   | Place    | Note
-------+----------+-------------------------------------------
     0 | D:1      | Leibowitz the Kobold Gladiator began the quest for the Orb.
     0 | D:1      | Reached XP level 1. HP: 12/12 MP: 1/1
   277 | D:1      | Reached XP level 2. HP: 18/18 MP: 2/2
   747 | D:2      | Reached skill level 1 in Stealth
   747 | D:2      | Reached XP level 3. HP: 12/22 MP: 3/3
  1116 | D:2      | Found an iron altar of Okawaru.
  1124 | D:2      | Became a worshipper of Warmaster Okawaru
  1170 | D:2      | Noticed Natasha
  1195 | D:2      | Killed Natasha
  1195 | D:2      | Reached skill level 2 in Stealth
  1195 | D:2      | Reached XP level 4. HP: 20/27 MP: 4/4
  1333 | D:2      | Noticed Natasha
  1469 | D:2      | Killed Natasha
  1469 | D:2      | Reached skill level 5 in Short Blades
  1469 | D:2      | Reached XP level 5. HP: 24/32 MP: 5/5
  1550 | D:2      | Noticed Natasha
  1563 | D:2      | Killed Natasha
  1563 | D:2      | Reached skill level 1 in Shields
  1634 | D:2      | Noticed Ijyb
  1661 | D:2      | Killed Ijyb
  1679 | D:2      | Found a snail-covered altar of Cheibriados.
  1679 | D:2      | Found a blossoming altar of Fedhas.
  1859 | D:2      | Found a shimmering altar of Xom.
  2033 | D:3      | Reached XP level 6. HP: 34/37 MP: 6/6
  2063 | D:3      | Found a shadowy altar of Dithmenos.
  2125 | D:3      | Noticed Grinder
  2145 | D:3      | Paralysed by Grinder for 5 turns
  2154 | D:3      | Killed Grinder
  2154 | D:3      | Reached * piety under Okawaru
  2154 | D:3      | Reached skill level 1 in Armour
  2154 | D:3      | Reached skill level 4 in Stealth
  2154 | D:3      | Reached skill level 1 in Evocations
  2154 | D:3      | Reached XP level 7. HP: 6/41 MP: 6/8
  2380 | D:3      | Noticed GordonOverkill's ghost (novice HOFi)
  2510 | D:3      | Found a stormy altar of Qazlal.
  2600 | D:4      | Found a white marble altar of Elyvilon.
  2632 | D:4      | Noticed Drunkenshrew's ghost (amateur HEMo)
  2637 | D:4      | Found a sand-covered staircase.
  2641 | Ossuary  | Entered an ossuary
  2662 | Ossuary  | Noticed loom's ghost (amateur DECj)
  2908 | Ossuary  | Killed loom's ghost
  3221 | Ossuary  | Reached skill level 5 in Stealth
  3951 | D:4      | Reached XP level 8. HP: 41/46 MP: 9/9
  4142 | D:5      | Entered Level 5 of the Dungeon
  4146 | D:5      | Gained mutation: You are resistant to hostile enchantments. (MR+) [potion of mutation]
  4146 | D:5      | Gained mutation: Your flesh is heat resistant. (rF+) [potion of mutation]
  4146 | D:5      | Gained mutation: You are dopey. (Int -2) [potion of mutation]
  4170 | D:5      | Reached ** piety under Okawaru
  4415 | D:5      | Found a hazy altar of Hepliaklqana.
  4545 | D:5      | Reached skill level 6 in Stealth
  4697 | D:5      | Found a staircase to the Ecumenical Temple.
  4709 | Temple   | Entered the Ecumenical Temple
  4723 | D:5      | Found a hide-covered altar of Uskayaw.
  5124 | D:6      | Reached skill level 5 in Dodging
  5334 | D:6      | Reached skill level 7 in Stealth
  5351 | D:6      | Reached XP level 9. HP: 24/52 MP: 10/10
  5784 | D:6      | Reached *** piety under Okawaru
  6400 | D:7      | Found Liurej's Food Boutique.
  6484 | D:7      | Found an iron altar of Okawaru.
  6519 | D:7      | Reached skill level 11 in Stealth
  6519 | D:7      | Reached skill level 5 in Evocations
  6519 | D:7      | Reached XP level 10. HP: 61/61 MP: 10/13
  6922 | D:7      | Identified a scroll of acquirement
  6923 | D:7      | Got a vibrating platinum amulet
  6924 | D:7      | Identified the amulet of Hiwikhog {Harm *Drain rC+ MR+ Stlth+} (You acquired it on level 7 of the Dungeon)
  6992 | D:7      | Found a radiant altar of Vehumet.
  7088 | D:7      | Got an opalescent robe
  7099 | D:7      | Identified the +1 robe of Otinog {rPois rC++ Str+2 Int-5} (You found it on level 7 of the Dungeon)
  7643 | D:8      | Reached **** piety under Okawaru
  7675 | D:8      | Found a glowing silver altar of Zin.
  8119 | D:8      | Reached XP level 11. HP: 66/66 MP: 14/14
  8247 | D:8      | Found a burning altar of Makhleb.
  8670 | D:9      | Noticed Erica
  8697 | D:8      | Reached skill level 10 in Short Blades
  8742 | D:9      | Noticed a red ugly thing
  8844 | D:9      | Killed Erica
  9316 | D:9      | Reached skill level 12 in Stealth
  9328 | D:9      | Found a blossoming altar of Fedhas.
  9887 | D:10     | Entered Level 10 of the Dungeon
 10064 | D:10     | Received a gift from Okawaru
 10195 | D:10     | Noticed a hill giant
 10603 | D:10     | Found a staircase to the Orcish Mines.
 10717 | D:10     | Noticed a hill giant
 10781 | D:10     | Killed a hill giant
 10781 | D:10     | Reached ***** piety under Okawaru
 10891 | D:10     | Killed a hill giant
 11038 | D:11     | Noticed a green ugly thing
 11330 | D:11     | Reached XP level 12. HP: 56/71 MP: 15/15
 11419 | D:11     | Found a staircase to the Lair.
 11471 | D:11     | Killed an unseen horror
 11930 | D:11     | Noticed a wizard
 11969 | D:11     | Killed a wizard
 12221 | D:11     | Received a gift from Okawaru
 12511 | D:11     | Reached skill level 13 in Stealth
 12550 | D:11     | Found Tuygynto's Food Emporium.
 12619 | D:11     | Found a viscous altar of Jiyva.
 12935 | Lair:1   | Entered Level 1 of the Lair of Beasts
 13032 | Lair:1   | Noticed Joseph
 13055 | Lair:1   | Killed Joseph
 14355 | Lair:1   | Noticed Nergalle
 14362 | Lair:1   | Killed Nergalle
 14802 | Lair:2   | Found a glowing silver altar of Zin.
 14970 | Lair:2   | Reached XP level 13. HP: 37/77 MP: 16/16
 15260 | Lair:2   | Noticed Harold
 15316 | Lair:2   | Killed Harold
 15316 | Lair:2   | Reached skill level 14 in Stealth
 15511 | Lair:2   | Reached skill level 10 in Dodging
 15574 | Lair:2   | Reached skill level 10 in Shields
 15866 | Lair:2   | Found a staircase to the Swamp.
 17177 | Lair:3   | Received a gift from Okawaru
 17180 | Lair:3   | Reached ****** piety under Okawaru
 17679 | Lair:3   | Noticed a four-headed hydra
 17682 | Lair:3   | Found a staircase to the Snake Pit.
 17693 | Lair:3   | Killed a one-headed hydra
 17996 | Lair:3   | Noticed a catoblepas
 18119 | Orc:1    | Entered Level 1 of the Orcish Mines
 18701 | Orc:1    | Found Roatt's Weapon Emporium.
 19213 | Orc:2    | Entered Level 2 of the Orcish Mines
 19762 | Orc:2    | Found Yhetuf's Distillery.
 19944 | Orc:2    | Found Uxzyrak's Distillery.
 20038 | Orc:2    | HP: 3/79 [hellwing (3)]
 20683 | Orc:2    | Noticed an orc warlord
 21163 | D:12     | Reached skill level 15 in Stealth
 21233 | D:12     | Reached XP level 14. HP: 44/84 MP: 17/17
 21864 | D:12     | Received a gift from Okawaru
 22449 | D:13     | Found Ybridghos's Antique Armour Shop.
 22955 | D:13     | Reached skill level 16 in Stealth
 23179 | D:13     | Got an agate-studded leather armour
 23190 | D:13     | Identified the +0 leather armour of Music {*Contam +Inv MR+ Int+4} (You found it on level 13 of the Dungeon)
 24116 | D:13     | Found a gate to the Vaults.
 24483 | D:13     | Received a gift from Okawaru
 24486 | D:13     | Got a dazzling quick blade {god gift}
 24487 | D:13     | Identified the +1 quick blade "Spider's Undoing" {pierce, rF+} (Okawaru gifted it to you on level 13 of the Dungeon)
 26065 | Lair:4   | Reached skill level 1 in Long Blades
 26141 | Lair:4   | Found a dark tunnel.
 26149 | Volcano  | Entered a volcano
 26300 | Volcano  | Reached skill level 17 in Stealth
 26533 | Volcano  | Reached XP level 15. HP: 86/90 MP: 18/18
 26767 | Lair:4   | Received a gift from Okawaru
 28456 | Lair:5   | Found a viscous altar of Jiyva.
 28457 | Lair:5   | Found a staircase to the Slime Pits.
 28646 | Lair:5   | Noticed Snorg
 28713 | Lair:5   | Killed Snorg
 29277 | Lair:5   | Received a gift from Okawaru
 29466 | Lair:6   | Entered Level 6 of the Lair of Beasts
 31039 | Lair:6   | Received a gift from Okawaru
 31512 | Lair:6   | Reached skill level 18 in Stealth
 32241 | Snake:1  | Entered Level 1 of the Snake Pit
 32647 | Orc:2    | Noticed Nessos
 32654 | Orc:2    | Killed Nessos
 32654 | Orc:2    | Reached skill level 10 in Fighting
 32660 | Orc:2    | Found a staircase to the Elven Halls.
 32896 | Orc:2    | Noticed an orc warlord
 33090 | Orc:1    | Killed an orc warlord
 33090 | Orc:1    | Reached XP level 16. HP: 76/97 MP: 17/20
 35787 | Orc:2    | Received a gift from Okawaru
 36774 | Orc:2    | Found Ewky's Antique Weapon Emporium.
 36774 | Orc:2    | Found a one-way gate leading to the halls of Pandemonium.
 36774 | Orc:2    | Found Leorgh's Gadget Shoppe.
 36782 | Orc:2    | Bought a jewelled scimitar for 288 gold pieces
 36782 | Orc:2    | Bought a shimmering dagger for 224 gold pieces
 36782 | Orc:2    | Identified the cursed +0 scimitar of the Inferno {slice, rF+ Int+2 Stlth+} (You bought it in a shop on level 2 of the Orcish Mines)
 36784 | Orc:2    | Identified the +5 dagger "Dotonuo" {vamp, *Slow +Rage rElec Str+5} (You bought it in a shop on level 2 of the Orcish Mines)
 36881 | Elf:1    | Entered Level 1 of the Elven Halls
 37901 | D:14     | Found Zaemoc's Armour Shoppe.
 37902 | D:14     | Noticed Urug
 37948 | D:14     | Killed Urug
 37959 | D:14     | Reached skill level 15 in Dodging
 38372 | D:14     | Noticed Agnes
 38379 | D:14     | Killed Agnes
 38380 | D:14     | Found Hih Nese's Gadget Boutique.
 38419 | D:14     | Found Gepreusm's Antique Armour Shop.
 38422 | D:14     | Bought a translucent leather armour for 203 gold pieces
 38432 | D:14     | Identified the +2 leather armour of the Hanged Man {*Corrode rF+ rC+} (You bought it in a shop on level 14 of the Dungeon)
 38850 | D:14     | Found Aquelug's Weapon Shoppe.
 39198 | D:14     | Reached skill level 19 in Stealth
 39555 | D:15     | Entered Level 15 of the Dungeon
 39578 | D:15     | Found Dafan's Book Emporium.
 39724 | D:15     | Found Qyble's Antique Weapon Shoppe.
 39733 | D:15     | Bought a smoking rapier for 162 gold pieces
 39733 | D:15     | Identified the +8 rapier of the Spectre {pain, rPois MR++ Int+4} (You bought it in a shop on level 15 of the Dungeon)
 39759 | D:15     | Noticed Roxanne
 39802 | D:15     | Found Gywkuc's Distillery.
 39860 | D:15     | Found a staircase to the Depths.
 39860 | D:15     | Noticed a fire giant
 39933 | D:15     | Killed a fire giant
 39941 | D:15     | Slain by a cyan ugly thing

Skill      XL: |  1  2  3  4  5  6  7  8  9 10 11 12 13 14 15 16 |
---------------+-------------------------------------------------+-----
Dodging        | 4 5 7 8 9 11 12 13 15 | 15.3
Stealth        | 1 2 4 5 7 11 12 13 15 17 18 19 | 19.2
Short Blades   | 5 6 7 8 9 10 11 12 13 | 13.2
Fighting       | 3 4 6 7 8 9 10 | 10.7
Shields        | 1 2 3 6 8 9 10 11 12 | 12.5
Armour         | 1 4 |  4.1
Evocations     | 1 5 6 |  6.0
Throwing       | 3 |  3.2
Long Blades    | 1 |  1.7

Action                   |  1- 3 |  4- 6 |  7- 9 | 10-12 | 13-15 | 16-18 || total
-------------------------+-------+-------+-------+-------+-------+-------++-------
Melee: Rapier            |    95 |   144 |   537 |    77 |       |    49 ||   902
       Short sword       |       |       |       |   705 |   144 |       ||   849
       Dagger            |       |       |       |   613 |  2144 |  1370 ||  4127
       Scimitar          |       |       |       |       |    33 |       ||    33
       Quick blade       |       |       |       |       |  1185 |    56 ||  1241
 Fire: Blowgun           |       |       |       |       |     7 |       ||     7
Throw: Throwing net      |     1 |     2 |     1 |     5 |    19 |     5 ||    33
Invok: Heroism           |       |       |       |       |     1 |       ||     1
 Abil: Evoke Berserk Rag |       |       |       |       |       |     2 ||     2
Evoke: Wand              |       |    11 |       |     2 |    27 |    18 ||    58
  Use: Potion            |       |     1 |     7 |    10 |     8 |       ||    26
       Scroll            |       |       |    12 |     6 |     8 |     5 ||    31
 Stab: Sleeping          |       |     3 |    23 |    20 |    52 |    19 ||   117
       Held in net/web   |       |     1 |     1 |     5 |     8 |     5 ||    20
       Distracted        |       |       |       |     4 |    15 |     5 ||    24
       Confused          |       |       |       |       |     9 |     7 ||    16
       Invisible         |       |       |       |       |    15 |       ||    15
       Petrified         |       |       |       |       |     1 |       ||     1
  Eat: Chunk             |     9 |     4 |    14 |    28 |    59 |    29 ||   143
Armor: Leather armour    |    16 |    16 |    70 |    24 |       |       ||   126
       Robe              |       |       |       |    97 |   189 |    58 ||   344
Dodge: Dodged            |    73 |    58 |   198 |   549 |  1440 |   583 ||  2901
Block: Buckler           |    21 |    27 |   155 |   464 |  1195 |   467 ||  2329
       Rpst.: Scimitar   |       |       |       |       |     6 |       ||     6
